 Dungeon Crawl Stone Soup version 0.27-a0-1322-gfdffb62a71 (webtiles) character file.

Game seed: 8146841049977360774

25 dinky3 the Shield-Bearer (level 3, -7/29 HPs)
             Began as a Formicid Fighter on June 23, 2021.
             Killed by divine providence
             ... invoked by an orc priest
              (12 damage)
             ... on level 2 of the Dungeon.
             The game lasted 00:00:25 (59 turns).

dinky3 the Shield-Bearer (Formicid Fighter)           Turns: 59, Time: 00:00:25

Health: -7/29      AC:  6    Str: 21    XL:     3   Next: 17%
Magic:  3/3        EV:  8    Int:  7    God:
Gold:   14         SH:  9    Dex: 10    Spells: 2/2 levels left

rFire    . . .     SeeInvis +   a - +0 war axe
rCold    . . .     Faith    .   c - +0 kite shield
rNeg     . . .     Spirit   .   b - +0 scale mail
rPois    .         Reflect  .   (helmet unavailable)
rElec    .         Harm     .   (no cloak)
rCorr    .         Rampage  .   (no gloves)
Will     .....                  (no boots)
Stlth    ..........             (no amulet)
HPRegen  0.09/turn              (no ring)
MPRegen  0.08/turn              (no ring)

@: mighty, lethally poisoned (-7 -> -8)
A: permanent stasis, dig shafts and tunnels, antennae 3, four strong arms
a: Dig, Shaft Self


You were on level 2 of the Dungeon.
You visited 1 branch of the dungeon, and saw 2 of its levels.

You collected 14 gold pieces.

Inventory:

Hand Weapons
 a - a +0 war axe (weapon)
Armour
 b - a +0 scale mail (worn)
 c - a +0 kite shield (worn)
Scrolls
 e - a scroll of noise {unknown}


   Skills:
 + Level 3.6 Fighting
 * Level 2.8 Axes
 - Level 3.2 Armour
 + Level 4.0 Shields


You had 2 spell levels left.
You didn't know any spells.
Your spell library was empty.

Dungeon Overview and Level Annotations

Branches:
Dungeon (2/15)

Altars:


Innate Abilities, Weirdness & Mutations

You cannot be hasted, slowed, berserked, paralysed or teleported.
You can dig through walls and to a lower floor.
You have a pair of large antennae on your head. (SInv)
Your four strong arms can wield two-handed weapons with a shield.


Message History

The goblin shoots a stone.
You block the stone.
You hear an angry hiss. 2 orcs and an orc priest come into view.
The orc shouts!
The orc priest shouts!
An adder comes into view.
The goblin shoots a stone.
You block the stone.
You feel very mighty all of a sudden.
The goblin shoots a stone.
The stone barely misses you.
Unknown command.
The goblin shoots a stone.
The stone hits you.
The goblin shoots a stone.
The stone closely misses you.
An orc comes into view. It is wielding a +0 club.
The adder bites you but does no damage. The adder closely misses you.
You closely miss the adder. You closely miss the orc.
You block the orc's attack. The adder bites you.
The orc hits you with a +0 whip.
* * * LOW HITPOINT WARNING * * *
The adder bites you.
* * * LOW HITPOINT WARNING * * *
You are poisoned.
The adder poisons you!
Unknown command.
You slash the adder!
You kill the adder!
You barely miss the orc.
You feel sick. You block the orc's attack. The orc hits you but does no damage.
Your Shields skill increases to level 4!
You have reached level 3!
Your experience leads to an increase in your attributes!
Increase (S)trength, (I)ntelligence, or (D)exterity?
You feel stronger.
You aren't carrying any potions.
You slash the endoplasm!
You kill the endoplasm!
You slash the orc!
You kill the orc!
You barely miss the orc.
You feel sick.
The orc priest invokes the aid of Beogh against you.
Beogh smites you!
You die...

....#.. ###.... .# ....<.
###.....## ..# #....
#.....#..####..##
.##....##....##.........#
...........#.##..........
......g...)..##........#.
....!..o.......†.........
o.....##)o..###....##....
...J...#@.....####..#....
......o†....#....##.#....
.......#......##..#....).
............#..# .###....
...(......####..# #...†
.###.#.... #.# #....##
#.###..# .. ###... # ##.#
...... .. ####...


You could see an orc priest, 2 orcs and a goblin.

Vanquished Creatures
  2 adders (D:2)
  A dart slug (D:2)
  An orc (D:2)
  2 endoplasms (D:2)
  A goblin (D:2)
  A ball python (D:2)
  A frilled lizard (D:2)
9 creatures vanquished.

Notes
Turn   | Place    | Note
-------+----------+-------------------------------------------
     0 | D:1      | dinky3 the Formicid Fighter began the quest for the Orb.
     0 | D:1      | Reached XP level 1. HP: 18/18 MP: 1/1
    24 | D:2      | Reached XP level 2. HP: 20/24 MP: 2/2
    59 | D:2      | Reached skill level 4 in Shields
    59 | D:2      | Reached XP level 3. HP: 7/29 MP: 3/3
    59 | D:2      | Killed from afar by an orc priest

Illustrated notes

Levels and vault maps discovered:
D:1:      saegor_arrival_simple_d, layout_basic, basic_ecumenical_altar
D:2:      layout_rooms, hangedman_abyss_or_decor_stabs, uniq_natasha

Skill      XL: |  1  2 |
---------------+-------+-----
Shields        | 4 |  4.0
Fighting       | |  3.6
Axes           | |  2.8
Armour         | |  3.2

Action                   || total
-------------------------++-------
Melee: War axe           ||    17
  Use: Potion            ||     1
Armor: Scale mail        ||     9
Dodge: Dodged            ||    11
Block: Kite shield       ||    16

Table legend: (Time is in decaauts)
 A = Elapsed time spent in this place.
 B = Non-inter-level travel time spent in this place.
 C = Inter-level travel time spent in this place.
 D = Time resting spent in this place.
 E = Time spent auto-exploring this place.
 F = Levels seen in this place.
 G = Mean time per level.
                   A        B        C        D        E       F      G
               +--------+--------+--------+--------+--------+-----+--------+
         Total |     67 |     67 |      0 |      0 |      0 |   2 |   33.5 |
       Dungeon |     67 |     67 |      0 |      0 |      0 |   2 |   33.5 |
               +--------+--------+--------+--------+--------+-----+--------+

Top non-repeatable levels by time:
     D:2: 54 daAuts
     D:1: 13 daAuts
